 Dungeon Crawl Stone Soup version 0.19.1 (webtiles) character file.

420 LadySerpentine the Poker (level 6, 0/53 HPs)
             Began as a Hill Orc Abyssal Knight on Dec 1, 2016.
             Was a Believer of Lugonu.
             Slain by a gnoll shaman
             ... wielding a +0 whip
              (4 damage)
             ... on level 5 of the Dungeon.
             The game lasted 00:33:43 (4542 turns).

LadySerpentine the Poker (Hill Orc Abyssal Knight)  Turns: 4542, Time: 00:33:44

Health: 0/53       AC:  8    Str: 14 (17) XL:     6   Next: 94%
Magic:  8/8        EV:  9    Int: 12      God:    Lugonu [**....]
Gold:   248        SH:  0    Dex: 10      Spells: 0 memorised, 5 levels left

rFire  + . .     SeeInvis .     g - +1 spear (flame)
rCold  x . .     Gourm    .     r - +0 scale mail
rNeg   . . .     Faith    .     (no shield)
rPois  .         Spirit   .     v - +0 helmet
rElec  .         Reflect  .     (no cloak)
rCorr  .         Harm     .     (no gloves)
MR     .....                    (no boots)
Stlth  ..........               (no amulet)
                                (no ring)
                                i - ring of fire

@: about to teleport, glowing
A: no striking features
a: Depart the Abyss, Bend Space, Renounce Religion


You were on level 5 of the Dungeon.
You worshipped Lugonu.
Lugonu was pleased with you.
You were not hungry.

You visited 1 branch of the dungeon, and saw 5 of its levels.
You visited the Abyss 1 time.

You collected 248 gold pieces.

Inventory:

Hand Weapons
 a - a +1 spear
 g - a +1 spear of flaming (weapon)
 s - a +0 hunting sling
 x - a +0 trident
 z - a +1 mace of protection
 G - a +0 short sword
Missiles
 d - 20 arrows
 e - 5 exploding tomahawks (quivered)
 m - 9 sling bullets
 y - 31 poisoned needles
Armour
 c - a cursed +0 animal skin
 r - a +0 scale mail (worn)
 v - a +0 helmet (worn)
 D - a +0 hat
 F - a +0 robe
Jewellery
 i - a ring of fire (left hand)
Wands
 B - a wand of slowing (31/48)
Scrolls
 f - a scroll of fear {unknown}
 j - a scroll of blinking {unknown}
 k - 2 scrolls of amnesia {unknown}
 n - 3 scrolls of teleportation
 o - a scroll of immolation {unknown}
 u - a scroll of random uselessness {unknown}
 E - 2 scrolls of identify {unknown}
 I - a scroll of fog {unknown}
Potions
 b - 3 potions of curing
 l - a potion of heal wounds {unknown}
 q - 2 potions of brilliance {unknown}
 t - a potion of mutation {unknown}
 w - 2 potions of haste {unknown}
 C - a potion of flight {unknown}
 H - a potion of lignification {unknown}
Comestibles
 h - a royal jelly
 p - a bread ration
 A - 2 beef jerkies


   Skills:
 - Level 4.4 Fighting
 * Level 6.1 Polearms
 + Level 4.3 Armour
 - Level 1.1 Dodging
 + Level 2.8 Invocations


You had 5 spell levels left.
You didn't know any spells.

Dungeon Overview and Level Annotations

Branches:
Dungeon (5/15)
 Temple: D:4-7

Altars:
Ashenzari
Cheibriados
Zin


Message History

The gnoll barely misses you. The gnoll hits you but does no damage.
The gnoll hits you with a spear.
The gnoll shaman hits you but does no damage.
The gnoll hits you with a spear.
You hit the gnoll. You burn the gnoll.
The gnoll is heavily wounded.
The gnoll hits you with a flail. The gnoll hits you but does no damage.
The gnoll hits you with a staff of wizardry.
* * * LOW HITPOINT WARNING * * *
As you read the scroll of teleportation, it crumbles to dust.
You feel strangely unstable. The gnoll hits you with a spear.
* * * LOW HITPOINT WARNING * * *
The gnoll shaman hits you but does no damage.
The gnoll hits you with a spear.
* * * LOW HITPOINT WARNING * * *
The gnoll hits you with a flail.
* * * LOW HITPOINT WARNING * * *
The gnoll hits you but does no damage. The gnoll completely misses you.
The gnoll hits you but does no damage. The gnoll shaman hits you with a whip.
You die...

############
#..........#
#......#....
#......#.... ######
#......##...
#....######.......#...
#.##.'_'..........##.#
##.######.#>.###....#.#
#....g@g#...#..###.####
######.g#........###...
#.(..ggg#..........#._.
##.#.#..#........###...
#....#......###.'### #
#.##....###....#.#
#.##..........##.#
#.##..........#...
#.#..........##...


You could see a gnoll shaman and 5 gnolls.

Vanquished Creatures
  Duvessa (D:5)
  A phantom (D:4)
  Dowan (D:5)
  A worker ant zombie (D:5)
  Robin (D:3)
  8 adders
  3 worms
  A dart slug (D:2)
  An orc (D:3)
  2 ball pythons
  7 bats
  4 giant cockroaches
  20 goblins
  6 hobgoblins
  4 jackals (D:3)
  12 kobolds
  2 frilled lizards
  5 rats
80 creatures vanquished.

Notes
Turn   | Place    | Note
-------+----------+-------------------------------------------
     0 | Abyss:1  | LadySerpentine the Hill Orc Abyssal Knight began the quest for the Orb.
     0 | Abyss:1  | Reached XP level 1. HP: 19/19 MP: 2/2
    21 | D:1      | Escaped the Abyss
   282 | D:1      | Reached XP level 2. HP: 27/27 MP: 3/3
   582 | D:1      | Reached skill level 1 in Dodging
   671 | D:1      | Reached XP level 3. HP: 26/34 MP: 4/4
  1482 | D:2      | Found a faded altar of an unknown god.
  1760 | D:2      | Reached XP level 4. HP: 41/41 MP: 5/5
  1960 | D:2      | Reached skill level 3 in Polearms
  2197 | D:2      | Reached ** piety under Lugonu
  2698 | D:3      | Noticed Robin
  2733 | D:3      | Reached XP level 5. HP: 13/47 MP: 6/6
  3075 | D:3      | Reached skill level 4 in Polearms
  3243 | D:3      | Killed Robin
  3782 | D:4      | Found a glowing silver altar of Zin.
  3919 | D:4      | Noticed a phantom
  3940 | D:4      | Killed a phantom
  3940 | D:4      | Reached skill level 5 in Polearms
  3940 | D:4      | Reached XP level 6. HP: 34/53 MP: 6/8
  4274 | D:5      | Entered Level 5 of the Dungeon
  4310 | D:5      | Noticed Dowan
  4312 | D:5      | Noticed Duvessa
  4321 | D:5      | Killed Duvessa
  4354 | D:5      | Killed Dowan
  4354 | D:5      | Reached skill level 6 in Polearms
  4416 | D:5      | Found a shattered altar of Ashenzari.
  4479 | D:5      | Found a snail-covered altar of Cheibriados.
  4542 | D:5      | Slain by a gnoll shaman

Skill      XL: |  1  2  3  4  5  6 |
---------------+-------------------+-----
Fighting       | 4 |  4.4
Dodging        | 1 |  1.1
Armour         | 3 4 |  4.3
Polearms       | 3 5 6 |  6.1
Invocations    | |  2.8

Action                   |  1- 3 |  4- 6 || total
-------------------------+-------+-------++-------
Melee: Spear             |   107 |   213 ||   320
Invok: Bend Space        |       |     2 ||     2
  Use: Scroll            |       |     2 ||     2
       Potion            |       |     1 ||     1
  Eat: Chunk             |     2 |     2 ||     4
       Bread ration      |       |     1 ||     1
       Beef jerky        |       |     1 ||     1
       Pizza             |       |     1 ||     1
Armor: Ring mail         |    49 |       ||    49
       Leather armour    |     3 |       ||     3
       Scale mail        |    19 |   134 ||   153
Dodge: Dodged            |    76 |   121 ||   197
